Map: Site Delta LE

Players

ONSYDESolar (Solar)

  • Race: Zerg Zerg
  • Spawn Location: 11:00

LiquidClem (Clem) - Winner!

  • Race: Terran Terran
  • League: Master
  • Spawn Location: 5:00

VOD

Have the link to the VOD?

Description

Time

  • Played on: Dec. 11, 2023, 8:30 a.m.
  • Length: 14:04
Show
View Real Time Build Order
Export as new Build Order

ONSYDESolar Zerg 

Build Orders: Hatch First 

Get SALT Encoding   

  12  0:00  Drone  
  13  0:08  Drone  
  14  0:15  Extractor, Drone  
  15  0:37  Hatchery  
  15  0:42  Extractor, Drone  
  14  0:48  Overlord  
  15  1:03  Spawning Pool  
  14  1:07  Drone  
  14  1:11  Drone  
  16  1:14  Drone  
  16  1:18  Drone  
  18  1:28  Extractor  
  18  1:29  Drone  
  18  1:41  Drone  
  19  1:50  Drone x2, Queen  
  19  1:51  Queen  
  25  2:01  Overlord  
  25  2:02  Drone  
  26  2:11  Drone x2  
  28  2:21  Drone  
  29  2:22  Overlord  
  29  2:26  Queen  
  29  2:27  Extractor  
  30  2:31  Drone  
  30  2:34  Drone  
  33  2:43  Drone  
  34  2:51  Hatchery  
  34  2:54  Metabolic Boost  
  34  2:55  Drone x2  
  36  2:58  Drone  
  36  3:01  Drone x2  
  38  3:06  Drone x3  
  38  3:08  Drone  
  42  3:12  Overlord  
  42  3:15  Overlord  
  42  3:20  Zergling x2  
  42  3:24  Zergling x2  
  44  3:31  Queen  
  46  3:34  Queen  
  46  3:36  Drone x5  
  46  3:40  Zergling x2  
  54  3:43  Overlord  
  54  3:48  Drone x2  
  56  3:56  Zergling x2  
  56  3:58  Overlord  
  56  4:01  Drone  
  56  4:02  Drone x2  
  60  4:08  Zergling x8  
  60  4:09  Queen  
  63  4:12  Drone  
  62  4:17  Drone  
  62  4:21  Drone  
  62  4:22  Drone  
  61  4:24  Drone  
  61  4:29  Drone  
  61  4:30  Queen  
  64  4:31  Overlord  
  64  4:35  Drone  
  64  4:36  Extractor, Drone  
  65  4:42  Drone  
  65  4:44  Drone  
  65  4:45  Spore Crawler, Queen  
  68  4:46  Spore Crawler  
  68  4:47  Evolution Chamber x2, Drone  
  68  4:51  Drone  
  66  4:55  Drone  
  66  4:58  Drone  
  68  5:00  Zergling x4  
  68  5:01  Drone  
  68  5:02  Drone x2  
  68  5:03  Drone  
  68  5:04  Overlord  
  68  5:06  Queen  
  76  5:09  Drone x2  
  78  5:14  Zerg Melee Weapons Level 1, Zerg Ground Armor Level 1  
  78  5:17  Drone x3  
  78  5:20  Drone, Overlord  
  82  5:24  Lair  
  82  5:25  Drone  
  83  5:28  Extractor  
  83  5:29  Extractor  
  83  5:30  Baneling Nest  
  83  5:32  Drone x3  
  83  5:36  Drone x3  
  83  5:37  Extractor  
  83  5:39  Drone  
  83  5:41  Drone  
  87  5:43  Drone x2  
  87  5:44  Drone  
  87  5:47  Overlord  
  87  5:49  Overlord  
  90  5:50  Drone x2  
  90  5:56  Hatchery  
  91  5:58  Overlord  
  91  5:59  Overlord  
  91  6:03  Overlord  
  91  6:07  Drone x5  
  91  6:09  Drone  
  97  6:13  Drone  
  97  6:17  Zergling x6  
  101  6:22  Zergling x8  
  105  6:28  Centrifugal Hooks, Zergling x2  
  105  6:29  Hydralisk Den  
  105  6:39  Overlord  
  105  6:44  Zergling x18  
  105  6:45  Baneling x11  
  114  6:51  Drone x3, Hatchery  
  114  6:53  Baneling x2  
  116  6:57  Overlord x3  
  116  7:01  Grooved Spines  
  116  7:04  Hydralisk x3  
  116  7:06  Zergling x4  
  124  7:11  Drone x2  
  124  7:12  Drone x3  
  124  7:13  Queen  
  131  7:20  Zergling x8  
  135  7:23  Zerg Ground Armor Level 2, Zerg Melee Weapons Level 2  
  135  7:28  Extractor, Overlord  
  134  7:31  Drone  
  134  7:32  Hydralisk, Drone  
  134  7:36  Zergling x10  
  143  7:37  Pneumatized Carapace  
  143  7:40  Hydralisk  
  143  7:41  Hydralisk  
  143  7:43  Overlord  
  147  7:44  Overseer, Infestation Pit  
  147  7:47  Zergling x10  
  149  7:56  Baneling  
  149  7:57  Baneling x3  
  144  7:59  Zergling x20  
  144  8:03  Overlord  
  152  8:10  Hydralisk x5, Queen  
  150  8:15  Muscular Augments  
  150  8:16  Zergling x10  
  150  8:17  Drone  
  156  8:21  Baneling x4  
  156  8:22  Baneling x4  
  156  8:26  Hydralisk x2  
  160  8:30  Zergling x12  
  160  8:34  Overseer  
  166  8:39  Hydralisk  
  166  8:40  Hydralisk, Zergling x4  
  167  8:45  Zergling x18  
  167  8:47  Zergling x2  
  167  8:48  Zergling x2  
  168  8:52  Zergling x10  
  169  8:58  Zergling x8  
  169  9:00  Baneling  
  169  9:01  Baneling x14  
  173  9:03  Hydralisk  
  173  9:08  Overseer  
  173  9:09  Overlord  
  175  9:12  Zergling x8  
  175  9:16  Zergling x2  
  174  9:22  Zergling x8  
  175  9:27  Baneling x15  
  175  9:30  Zergling x8  
  175  9:31  Zergling x16  
  185  9:35  Hydralisk x2  
  185  9:38  Zergling x4  
  178  9:43  Zergling x8  
  178  9:51  Zergling x6  
  178  9:52  Baneling x2  
  178  9:55  Hydralisk x2, Baneling x2  
  177  10:00  Hydralisk x4  
  177  10:02  Overlord  
  177  10:03  Overlord  
  158  10:09  Zergling x10  
  158  10:14  Zergling x6  
  138  10:16  Zerg Missile Weapons Level 1  
  138  10:17  Hydralisk  
  132  10:23  Zergling x18  
  132  10:27  Zergling x14  
  146  10:34  Overseer  
  146  10:35  Zergling x10  
  138  10:43  Baneling x15  
  138  10:44  Baneling  
  138  10:45  Zergling x8, Baneling x5  
  142  10:50  Zergling x8  
  142  10:52  Baneling x4  
  142  10:54  Zergling x16  
  142  10:56  Zergling x2  
  155  10:59  Hydralisk x2  
  155  11:02  Baneling x3  
  155  11:03  Baneling  
  159  11:04  Zergling x2  
  159  11:09  Zergling x2  
  159  11:10  Zergling x6  
  162  11:17  Zergling x4  
  157  11:23  Zergling x12  
  157  11:24  Zergling x10  
  160  11:30  Hydralisk x2  
  157  11:36  Zergling x2  
  157  11:37  Zergling x10  
  150  11:41  Zergling x2  
  150  11:43  Infestor  
  150  11:45  Hydralisk x3  
  155  11:47  Baneling x10  
  151  11:55  Zergling x18  
  151  11:59  Overseer, Zergling x2  
  151  12:00  Zergling x2  
  153  12:06  Zergling x6  
  140  12:10  Hydralisk  
  140  12:11  Zergling x2  
  140  12:12  Baneling  
  140  12:13  Baneling x9  
  140  12:14  Drone, Zergling x10  
  148  12:17  Zergling x2  
  148  12:21  Zergling x18  
  150  12:23  Baneling x6  
  150  12:26  Hydralisk  
  147  12:32  Zergling x2  
  147  12:33  Zergling x6  
  147  12:36  Hydralisk  
  143  12:41  Hydralisk x2  
  143  12:42  Hydralisk x3, Zergling x8  
  157  12:46  Zergling x4  
  152  12:54  Zergling x16  
  152  12:56  Zergling x2  
  152  12:57  Overseer  
  153  13:01  Infestor  
  153  13:03  Baneling x4  
  155  13:07  Zergling x6  
  157  13:16  Zergling x2  
  157  13:17  Zergling x10  
  156  13:22  Zergling x4  
  156  13:25  Hydralisk  
  153  13:29  Baneling x4  
  146  13:36  Zergling x8  
  146  13:39  Zergling x4  
Show
View Real Time Build Order
Export as new Build Order

LiquidClem Terran - Winner!

Build Orders: Hellion Opening, Reaper Expand 

Get SALT Encoding   

  12  0:01  SCV  
  13  0:13  SCV  
  14  0:17  Supply Depot  
  14  0:25  SCV  
  15  0:39  SCV  
  15  0:40  Barracks  
  16  0:44  Refinery  
  16  0:51  SCV  
  17  1:03  SCV  
  18  1:15  SCV  
  19  1:27  Orbital Command, Reaper  
  20  1:39  Command Center  
  20  1:46  Supply Depot  
  20  1:53  SCV  
  21  1:59  Marine  
  22  2:05  SCV  
  23  2:10  Factory  
  23  2:17  SCV  
  23  2:22  Barracks Reactor  
  24  2:29  SCV  
  25  2:37  Command Center  
  25  2:41  SCV  
  25  2:51  Orbital Command  
  26  2:54  SCV  
  27  2:58  Starport  
  27  3:05  Hellion  
  29  3:06  SCV  
  29  3:10  Hellion  
  32  3:17  SCV, Refinery  
  32  3:18  SCV  
  34  3:26  Hellion  
  36  3:29  SCV  
  36  3:30  SCV  
  36  3:31  Hellion  
  40  3:36  Viking  
  43  3:41  Barracks Tech Lab, SCV  
  43  3:46  SCV  
  44  3:50  Hellion  
  44  3:52  Orbital Command  
  44  3:53  Hellion  
  44  3:55  SCV  
  49  4:00  SCV  
  49  4:01  Supply Depot  
  50  4:05  Marine  
  51  4:12  SCV  
  51  4:16  Liberator  
  53  4:20  SCV  
  53  4:21  SCV  
  53  4:23  Marine  
  60  4:24  Hellion x2  
  60  4:25  SCV  
  60  4:31  Stimpack  
  54  4:32  SCV  
  54  4:33  SCV  
  54  4:34  Supply Depot  
  56  4:39  SCV  
  56  4:41  Marine  
  56  4:44  SCV  
  56  4:45  Hellion x2  
  63  4:51  SCV  
  64  4:54  SCV, Barracks  
  64  4:56  Barracks  
  64  4:57  Supply Depot  
  64  4:58  SCV  
  66  5:00  Refinery  
  66  5:01  Engineering Bay  
  66  5:05  Engineering Bay  
  66  5:06  Starport Reactor  
  67  5:07  SCV  
  67  5:09  Orbital Command  
  67  5:12  SCV  
  68  5:16  Marine  
  68  5:17  Factory Reactor  
  68  5:18  Supply Depot  
  68  5:19  Supply Depot, SCV  
  70  5:24  Refinery  
  70  5:25  Barracks  
  71  5:28  SCV  
  71  5:31  Barracks  
  71  5:32  SCV  
  71  5:35  Marine  
  72  5:37  SCV  
  72  5:41  Supply Depot  
  74  5:43  SCV  
  74  5:45  SCV, Terran Infantry Armor Level 1, Terran Infantry Weapons Level 1  
  74  5:49  SCV  
  77  5:55  Marine x2, SCV, Medivac x2  
  84  5:58  Marine x3  
  84  5:59  SCV  
  84  6:01  Supply Depot, SCV, Factory Reactor  
  89  6:07  SCV  
  89  6:10  Supply Depot  
  90  6:13  Marine x2, Combat Shield  
  90  6:15  Barracks Reactor  
  90  6:16  SCV  
  90  6:17  Marine, SCV  
  95  6:21  Marine, Barracks Reactor  
  95  6:22  Marine  
  95  6:23  SCV  
  98  6:26  Supply Depot  
  98  6:28  SCV  
  98  6:30  SCV  
  98  6:31  Marine, Medivac  
  98  6:32  Medivac  
  105  6:35  Marine x2, Supply Depot, SCV  
  105  6:39  Marine  
  108  6:40  Armory, Refinery  
  108  6:44  Widow Mine x2  
  113  6:47  Marine  
  113  6:49  Marine  
  113  6:51  Supply Depot  
  113  6:53  Marine  
  116  6:54  Factory  
  116  6:58  Command Center  
  116  6:59  Marine  
  116  7:00  Marine x2  
  119  7:01  Marine  
  119  7:03  Marine  
  119  7:05  Widow Mine  
  123  7:09  Marine  
  123  7:11  Marine x3  
  123  7:14  Medivac x2, Widow Mine  
  133  7:20  Supply Depot  
  133  7:21  Marine x3  
  135  7:23  Marine  
  135  7:27  Widow Mine  
  135  7:28  Marine x2  
  135  7:29  Marine x2, Supply Depot  
  142  7:30  Supply Depot  
  142  7:36  Marine, Widow Mine  
  145  7:39  Marine x3  
  145  7:40  Factory Tech Lab  
  66  7:44  Medivac  
  148  7:48  Barracks  
  148  7:49  Barracks x2  
  150  7:56  Medivac  
  150  7:57  Marine x2, Widow Mine  
  150  7:58  Marine  
  153  8:03  Marine  
  153  8:04  Widow Mine  
  150  8:07  Marine  
  150  8:08  Marine, Drilling Claws  
  150  8:10  Widow Mine  
  150  8:11  Supply Depot, SCV  
  150  8:12  Terran Infantry Weapons Level 2, Sensor Tower  
  139  8:14  Marine x3, Medivac  
  139  8:17  Marine  
  139  8:18  SCV  
  146  8:21  Marine  
  149  8:27  Widow Mine  
  149  8:28  Marine x4  
  149  8:29  Widow Mine  
  149  8:31  Medivac  
  149  8:34  Widow Mine  
  159  8:42  Marine  
  159  8:44  Medivac  
  159  8:45  Marine  
  159  8:46  Marine  
  159  8:47  Marine x2, Barracks Tech Lab  
  159  8:48  Barracks Tech Lab, Widow Mine  
  164  8:49  Marine  
  164  8:51  Command Center, Widow Mine  
  164  8:55  SCV x3  
  163  8:58  Marine  
  163  9:01  Planetary Fortress, Medivac  
  166  9:05  Marauder, Refinery  
  166  9:07  SCV x3, Refinery  
  173  9:11  Concussive Shells  
  173  9:12  Marine  
  173  9:14  Marine x2, Widow Mine x2  
  180  9:19  Terran Infantry Armor Level 2, SCV  
  176  9:27  Marine  
  176  9:28  Marine, Widow Mine  
  178  9:35  Widow Mine  
  167  9:42  Widow Mine  
  167  9:43  Marine x4  
  167  9:44  SCV x2  
  171  9:46  Medivac  
  171  9:50  Marine, Marauder x3, Widow Mine  
  171  9:51  Marine x4  
  186  9:55  Ghost Academy  
  186  9:57  Widow Mine  
  184  10:00  Marine  
  184  10:01  Marine x2  
  184  10:04  Widow Mine  
  184  10:05  Marine  
  170  10:08  Marine  
  170  10:11  Marine x2, Widow Mine  
  170  10:12  Marauder  
  170  10:13  Marine  
  170  10:14  Marine  
  155  10:16  Marauder x2  
  155  10:18  Marine, Widow Mine  
  155  10:19  Marine  
  155  10:20  Marine  
  150  10:23  Marine, Medivac  
  150  10:25  Widow Mine  
  150  10:26  Marine  
  155  10:28  Terran Vehicle And Ship Armor Level 1  
  155  10:29  Marine x2  
  155  10:32  Marine  
  155  10:33  Marine, Marauder, Widow Mine  
  160  10:37  SCV x2, Marauder  
  160  10:40  Widow Mine  
  160  10:41  Marine x2  
  160  10:42  Marine, SCV x2  
  171  10:46  Widow Mine  
  173  10:50  Command Center  
  173  10:52  Marine, SCV  
  173  10:54  Widow Mine  
  175  10:57  Liberator x2  
  175  10:58  Marauder  
  175  11:01  Widow Mine  
  185  11:06  Planetary Fortress  
  185  11:07  SCV  
  182  11:12  Marine, Widow Mine  
  182  11:14  Marine  
  182  11:15  Widow Mine  
  182  11:17  Marine x4  
  171  11:21  Marine  
  171  11:22  Widow Mine  
  171  11:24  Marine  
  171  11:25  Marine  
  152  11:34  Marine  
  152  11:37  Marine  
  152  11:38  SCV  
  133  11:40  SCV, Medivac  
  133  11:41  SCV  
  133  11:42  Marine, Widow Mine x2  
  133  11:44  Marine x2  
  133  11:45  Marine  
  133  11:46  SCV  
  146  11:48  SCV  
  146  11:52  Marine, Widow Mine  
  145  11:56  Marine  
  145  11:57  Marine  
  142  12:04  Medivac, Widow Mine x2  
  142  12:06  Marine x3  
  142  12:07  SCV  
  146  12:10  Marine, SCV  
  146  12:14  Marine x3, Widow Mine  
  153  12:16  Marine, SCV, Marauder x2  
  153  12:19  Marine x2  
  150  12:24  Marine x3  
  150  12:25  Widow Mine  
  150  12:26  Widow Mine  
  150  12:28  Marine  
  153  12:31  Medivac  
  153  12:32  Marine  
  153  12:33  Marine  
  153  12:35  Marine  
  153  12:36  Widow Mine  
  156  12:38  Marine  
  156  12:42  Marine  
  155  12:46  Widow Mine  
  155  12:47  Widow Mine  
  155  12:49  Marine x2  
  155  12:50  Marine x2  
  155  12:51  Marauder  
  161  12:52  Marine, Marauder x2  
  161  12:54  Marine x2  
  161  12:56  Marine, Medivac  
  161  12:57  Widow Mine  
  167  12:59  Marine  
  160  13:07  Marine x2  
  160  13:08  Widow Mine  
  160  13:11  Marine  
  160  13:12  Marauder  
  168  13:18  Widow Mine  
  162  13:20  Marauder  
  158  13:27  Marine  
  158  13:28  Marine  
  158  13:29  Marine, SCV, Widow Mine  
  158  13:30  Marine  
  158  13:33  Marine x2  
  168  13:35  Marine  
  168  13:39  Marine  
  168  13:40  Widow Mine  
  167  13:44  Factory Reactor  
Tags
 
Add a new tag
Caveats
  • Supply blocks, unpowered buildings, or Contaminate may cause inaccurate times.
  • Supply counts are checked every 10 seconds.